AoeStats
← 小桦

Arena

510087825Analyzed
4v4 RM · 3d ago on Sep 29, 2026· 38m 29s· 8 players
Game mode
Random Map
Map size
Large (8 player)
Population
200
Speed
Normal
Resources
Standard
Victory
Conquest
Starting age
Dark Age
Ending age
Imperial Age
RankedLock teamsTeams togetherTeam positionsShared explorationLock speedFull tech treeHidden civsTurbo modeCheats
Victory
Defeat
🇨🇳 Poles · China
1450
+11
🇨🇳 Danes · China
1437
+11
1392
+13
1304
+17
🇨🇳 Persians · China
1433
-16
🇨🇳 Malay · China
1352
-14
1297
-12
1244
-10
小桦
9:02 Feudal Age
12:43 Castle Age
10:37 Double-Bit Axe
11:42 Horse Collar
13:30 Wheelbarrow
14:27 Bow Saw
15:05 Heavy Plow
21:32 Gold Mining
26:08 Imperial Age
23:56 Hand Cart
23:26 Loom
23:27 Town Watch
24:43 Gold Shaft Mining
23:59 Stone Mining
25:11 Coinage
24:49 Scale Barding Armor
24:54 Forging
26:19 Bloodlines
26:10 Husbandry
26:40 Chain Barding Armor
26:55 Iron Casting
25:59 Cavalier
28:44 Plate Barding Armor
27:42 Savar
29:05 Conscription
29:16 Fletching
30:27 Blast Furnace
31:36 Chemistry
34:04 Conscription
33:23 Elite War Elephant
37:57 Coinage
crux_dy164
12:16 Feudal Age
15:01 Castle Age
13:25 Double-Bit Axe
13:21 Horse Collar
15:40 Wheelbarrow
15:56 Wheelbarrow
26:34 Imperial Age
24:06 Gold Mining
24:04 Treadmill Crane
24:14 Loom
24:46 Hand Cart
25:07 Scale Barding Armor
25:13 Forging
27:19 Iron Casting
26:52 Husbandry
26:27 Elite Battle Elephant
28:40 Blast Furnace
30:31 Devotion
魔鬼我在索马里
10:00 Feudal Age
13:34 Castle Age
12:20 Double-Bit Axe
12:44 Horse Collar
15:45 Fletching
17:27 Loom
18:38 Bodkin Arrow
25:45 Scale Barding Armor
25:51 Forging
27:21 Chain Barding Armor
27:37 Iron Casting
27:06 Heavy Plow
30:05 Bow Saw
29:59 Padded Archer Armor
31:55 Wheelbarrow
31:17 Elite Skirmisher
36:16 Thumb Ring
传奇耐电王汤恩伯
9:00 Feudal Age
10:31 Double-Bit Axe
18:14 Loom
20:42 Castle Age
26:57 Wheelbarrow
27:01 Town Watch
32:51 Horse Collar
有钱胶己人 无钱咬支浪
12:17 Feudal Age
13:35 Double-Bit Axe
16:25 Castle Age
17:14 Loom
20:57 Imperial Age
19:29 Bow Saw
19:26 Fletching
22:37 Chemistry
23:00 Gold Mining
27:13 Conscription
27:09 Bodkin Arrow
27:16 Horse Collar
29:29 Wheelbarrow
29:40 Conscription
29:55 Ballistics
31:55 Bracer
34:26 Wheelbarrow
精华缘
10:30 Feudal Age
11:58 Double-Bit Axe
14:35 Castle Age
13:07 Horse Collar
16:48 Bow Saw
20:12 Wheelbarrow
21:43 Hand Cart
23:08 Heavy Plow
23:02 Gold Mining
23:03 Stone Mining
25:38 Gold Shaft Mining
25:02 Pikeman
26:04 Scale Mail Armor
26:15 Forging
29:35 Imperial Age
26:51 Loom
26:51 Town Watch
27:22 Squires
28:07 Chain Mail Armor
28:28 Iron Casting
28:49 Thumb Ring
30:05 Halberdier
30:08 Hamask
34:52 Blast Furnace
34:22 Plate Mail Armor
34:59 Cranequins
36:07 Heavy Mounted Crossbowman
36:39 Fletching
37:57 Chemistry
37:47 Stone Shaft Mining
38:22 Bodkin Arrow
38:28 Padded Archer Armor
38:51 Ballistics
帝国时代火船乱玩
9:57 Feudal Age
8:56 Loom
13:43 Castle Age
11:42 Double-Bit Axe
12:18 Horse Collar
21:06 Scale Barding Armor
21:41 Bow Saw
24:25 Wheelbarrow
24:34 Scale Barding Armor
26:10 Forging
34:45 Imperial Age
33:07 Scale Mail Armor
33:15 Pikeman
34:21 Fortified Wall
34:33 Squires
34:57 Chain Mail Armor
34:56 Gold Mining
35:20 Halberdier
37:20 Plate Mail Armor
37:46 Iron Casting
37:33 Conscription
38:24 Arson
垃圾小土兵
10:31 Feudal Age
14:08 Castle Age
11:58 Double-Bit Axe
12:19 Horse Collar
15:25 Bow Saw
16:48 Heavy Plow
20:47 Wheelbarrow
22:00 Loom
22:56 Town Watch
23:08 Gold Mining
24:57 Szlachta Privileges
24:56 Husbandry
25:06 Bloodlines
24:19 Light Cavalry
25:56 Scale Barding Armor
26:39 Hand Cart
30:13 Imperial Age
28:40 Chain Barding Armor
28:30 Forging
30:52 Iron Casting
30:29 Stone Mining
30:16 Cavalier
31:24 Conscription
31:17 Fletching
32:58 Blast Furnace
32:25 Bodkin Arrow
33:12 Crop Rotation
34:07 Ballistics
34:37 Coinage
35:52 Banking
35:54 Bracer
37:28 Siege Engineers
38:30 Hoardings
38:30 Masonry
39:20 Chemistry
39:03 Sanctity
38:58 Block Printing
38:54 Fervor
38:46 Caravan
Connection lost

Rejoining the realm…

Still unreachable

The connection could not be restored.

Session expired

The server has moved on; the page needs a fresh start.